 Dungeon Crawl Stone Soup version 0.28-a0-1429-gf3d713df7a (webtiles) character file.

Game seed: 10927036483407666679

414 Gargoyl the Skirmisher (level 6, -3/53 HPs)
             Began as a Gnoll Abyssal Knight on Jan 8, 2022.
             Was a Believer of Lugonu.
             Succumbed to a scorpion's poison
             ... on level 5 of the Dungeon.
             The game lasted 00:05:09 (3669 turns).

Gargoyl the Skirmisher (Gnoll Abyssal Knight)       Turns: 3669, Time: 00:05:09

Health: -3/53      AC:  8    Str: 14    XL:     6   Next: 91%
Magic:  9/9        EV: 11    Int: 16    God:    Lugonu [**....]
Gold:   131        SH:  0    Dex: 12    Spells: 9/9 levels left

rFire   + . .      SeeInvis .   n - +8 rapier of the Rat {vorpal, rC+ Will+}
rCold   + . .      Faith    .   (no shield)
rNeg    . . .      Spirit   .   c - +0 ring mail
rPois   .          Reflect  .   j - +0 helmet
rElec   .          Harm     .   (no cloak)
rCorr   .          Rampage  .   e - +0 pair of gloves
Will    +....                   (no boots)
Stlth   +.........              (no amulet)
HPRegen 0.17/turn               b - ring of protection from fire
MPRegen 0.11/turn               g - +6 ring of intelligence

@: lethally poisoned (-3 -> -21)
A: fangs 1, strong nose, distributed training
a: Renounce Religion, Depart the Abyss, Bend Space


You were on level 5 of the Dungeon.
You worshipped Lugonu.
Lugonu was pleased with you.
You visited 1 branch of the dungeon, and saw 5 of its levels.
You visited the Abyss 1 time.

You collected 131 gold pieces.

Inventory:

Hand Weapons
 a - a +1 hand axe
 n - the +8 rapier of the Rat (weapon) {vorpal, rC+ Will+}
   (You took it off a kobold on level 2 of the Dungeon)

   It inflicts extra damage upon your enemies.
   rC:        It protects you from cold.
   Will:      It increases your willpower.
Missiles
 i - 17 poisoned darts (quivered)
Armour
 c - a +0 ring mail (worn)
 e - a +0 pair of gloves (worn)
 j - a +0 helmet (worn)
Jewellery
 b - a ring of protection from fire (left hand)
 g - a +6 ring of intelligence (right hand)
 l - a ring of flight
 m - an amulet of the acrobat
Wands
 f - a wand of flame (17)
 p - a wand of digging (6)
 r - a wand of iceblast (2)
Scrolls
 k - a scroll of identify
 o - 2 scrolls of teleportation
Potions
 d - a potion of curing
 h - a potion of might
 q - a potion of heal wounds


   Skills:
 + Level 6.9 Fighting
 + Level 2.1 Short Blades
 + Level 2.1 Long Blades
 + Level 5.1 Axes
 + Level 2.1 Maces & Flails
 + Level 2.1 Polearms
 + Level 2.1 Staves
 + Level 2.1 Slings
 + Level 2.1 Bows
 + Level 2.1 Crossbows
 + Level 2.1 Throwing
 + Level 5.1 Armour
 + Level 3.4 Dodging
 + Level 2.1 Stealth
 + Level 2.1 Shields
 + Level 2.1 Unarmed Combat
 + Level 2.1 Spellcasting
 + Level 1.7 Conjurations
 + Level 1.7 Hexes
 + Level 1.7 Summonings
 + Level 1.7 Necromancy
 + Level 1.7 Translocations
 + Level 1.7 Transmutations
 + Level 1.7 Fire Magic
 + Level 1.7 Ice Magic
 + Level 1.7 Air Magic
 + Level 1.7 Earth Magic
 + Level 1.7 Poison Magic
 + Level 5.2 Invocations
 + Level 2.1 Evocations


You had 9 spell levels left.
You didn't know any spells.
Your spell library contained the following spells:

 Spells                   Type           Power      Damage    Failure   Level
 Static Discharge         Conj/Air       7%         N/A       28%         2
 Lightning Bolt           Conj/Air       3%         1d15      99%         5
 Maxwell's Capacitive Co  Air            3%         ∞         100%        8


Dungeon Overview and Level Annotations

Branches:
Dungeon (5/15)
 Temple: D:4-7

Altars:

Shops:
D:4 *


Innate Abilities, Weirdness & Mutations

You have very sharp teeth.
Your uncanny sense of smell can sniff out nearby items.
Your experience applies equally to all skills.


Message History

A shadow imp is nearby!
A shadow imp is nearby!
The shadow imp barely misses you.
You hit the shadow imp. Your punch misses the shadow imp.
The shadow imp is severely wounded.
A scorpion comes into view.
The shadow imp barely misses you. The shadow imp hits you.
You puncture the shadow imp!
You kill the shadow imp!
Lugonu accepts your kill. The scorpion stings you!
You are poisoned.
The scorpion poisons you!
You hit the scorpion.
The scorpion is lightly wounded.
You feel very sick. The scorpion stings you!
You are more poisoned.
The scorpion poisons you!
You hit the scorpion.
The scorpion is moderately wounded.
You feel very sick. The scorpion stings you.
You are more poisoned.
The scorpion poisons you! The scorpion stings you.
* * * LOW HITPOINT WARNING * * *
You hit the scorpion.
The scorpion is heavily wounded.
* * * LOW HITPOINT WARNING * * *
You feel extremely sick. The scorpion misses you.
You hit the scorpion but do no damage.
You punch the scorpion, but do no damage.
The scorpion is heavily wounded.
* * * LOW HITPOINT WARNING * * *
You feel very sick. The scorpion closely misses you.
You puncture the scorpion!
The scorpion is almost dead.
You die...

#.......... ##.#
###.........####...
................##
#...[......?)....
#.........#.#### .##
#..........?#
....#..........##
#....s........#
###..@......#.###
#..........#...######
......###....####......#
.####. #..#.# ######.#
#. ...##.##### #)#
#...####......####.#
........#####.......
#<...####.#...
####..##..####


You could see a scorpion.

Vanquished Creatures
  Edmund (D:4)
  An ogre (D:5)
  A bullfrog zombie (D:5)
  An iguana (D:5)
  6 adders
  A shadow imp (D:5)
  3 worms
  2 dart slugs (D:2)
  3 bats
  A bat skeleton (D:2)
  3 endoplasms
  4 giant cockroaches
  8 goblins
  7 hobgoblins
  12 jackals
  9 kobolds
  5 quokkas
  6 ball pythons
  A frilled lizard (D:1)
  3 rats
78 creatures vanquished.

Vanquished Creatures (collateral kills)
  An adder (D:2)
  2 endoplasms (D:2)
3 creatures vanquished.

Vanquished Creatures (others)
  5 toadstools (D:1)
5 creatures vanquished.

Grand Total: 86 creatures vanquished

Notes
Turn   | Place    | Note
-------+----------+-------------------------------------------
     0 | Abyss:1  | Gargoyl the Gnoll Abyssal Knight began the quest for the
                  | Orb.
     0 | Abyss:1  | Reached XP level 1. HP: 23/23 MP: 3/3
   105 | Abyss:1  | Noticed a large abomination
   106 | D:1      | Escaped the Abyss
   323 | D:1      | Reached * piety under Lugonu
   394 | D:1      | Reached XP level 2. HP: 28/29 MP: 5/5
   698 | D:1      | Reached XP level 3. HP: 30/35 MP: 6/6
   992 | D:2      | Reached skill level 1 in Short Blades
   992 | D:2      | Reached skill level 1 in Long Blades
   992 | D:2      | Reached skill level 1 in Maces & Flails
   992 | D:2      | Reached skill level 1 in Polearms
   992 | D:2      | Reached skill level 1 in Staves
   992 | D:2      | Reached skill level 1 in Slings
   992 | D:2      | Reached skill level 1 in Bows
   992 | D:2      | Reached skill level 1 in Crossbows
   992 | D:2      | Reached skill level 1 in Throwing
   992 | D:2      | Reached skill level 1 in Stealth
   992 | D:2      | Reached skill level 1 in Shields
   992 | D:2      | Reached skill level 1 in Unarmed Combat
   992 | D:2      | Reached skill level 1 in Spellcasting
   992 | D:2      | Reached skill level 1 in Evocations
  1064 | D:2      | Reached ** piety under Lugonu
  1065 | D:2      | Reached XP level 4. HP: 34/41 MP: 7/7
  1303 | D:2      | Identified the +8 rapier of the Rat {vorpal, rC+ Will+}
  1636 | D:3      | Reached skill level 1 in Conjurations
  1636 | D:3      | Reached skill level 1 in Hexes
  1636 | D:3      | Reached skill level 1 in Summonings
  1636 | D:3      | Reached skill level 1 in Necromancy
  1636 | D:3      | Reached skill level 1 in Translocations
  1636 | D:3      | Reached skill level 1 in Transmutations
  1636 | D:3      | Reached skill level 1 in Fire Magic
  1636 | D:3      | Reached skill level 1 in Ice Magic
  1636 | D:3      | Reached skill level 1 in Air Magic
  1636 | D:3      | Reached skill level 1 in Earth Magic
  1636 | D:3      | Reached skill level 1 in Poison Magic
  1731 | D:3      | Found a faded altar of an unknown god.
  2310 | D:4      | Reached XP level 5. HP: 47/47 MP: 8/8
  2354 | D:4      | Found Peoge's Assorted Antiques.
  2356 | D:4      | Noticed Edmund
  2418 | D:4      | Killed Edmund
  2419 | D:4      | Reached skill level 5 in Invocations
  2419 | D:4      | Reached XP level 6. HP: 16/53 MP: 9/9
  3463 | D:5      | Entered Level 5 of the Dungeon
  3499 | D:5      | Reached skill level 5 in Axes
  3499 | D:5      | Reached skill level 5 in Armour
  3668 | D:5      | HP: 2/53 [poisoned by a scorpion]
  3669 | D:5      | Succumbed to a scorpion's poison

Illustrated notes

Levels and vault maps discovered:
D:1:      ldierk_walled_garden, layout_basic
D:2:      layout_rooms, minmay_cupped
D:3:      layout_loops_cross, shapermc_ecumenical_altar_mp_highgroup,
          st_stairs_7
D:4:      layout_basic, serial_shops, nicolae_diamond_shop, uniq_edmund
D:5:      lemuel_ratsnest, layout_rooms, nicolae_shop_clearance

Skill      XL: |  1  2  3  4  5  6 |
---------------+-------------------+-----
Short Blades   | 1 2 |  2.1
Long Blades    | 1 2 |  2.1
Maces & Flails | 1 2 |  2.1
Polearms       | 1 2 |  2.1
Staves         | 1 2 |  2.1
Slings         | 1 2 |  2.1
Bows           | 1 2 |  2.1
Crossbows      | 1 2 |  2.1
Throwing       | 1 2 |  2.1
Stealth        | 1 2 |  2.1
Shields        | 1 2 |  2.1
Unarmed Combat | 1 2 |  2.1
Spellcasting   | 1 2 |  2.1
Evocations     | 1 2 |  2.1
Conjurations   | 1 |  1.7
Hexes          | 1 |  1.7
Summonings     | 1 |  1.7
Necromancy     | 1 |  1.7
Translocations | 1 |  1.7
Transmutations | 1 |  1.7
Fire Magic     | 1 |  1.7
Ice Magic      | 1 |  1.7
Air Magic      | 1 |  1.7
Earth Magic    | 1 |  1.7
Poison Magic   | 1 |  1.7
Dodging        | 3 |  3.4
Invocations    | 5 |  5.2
Axes           | 5 |  5.1
Armour         | 5 |  5.1
Fighting       | |  6.9

Action                   |  1- 3 |  4- 6 || total
-------------------------+-------+-------++-------
Melee: Hand axe          |    98 |    13 ||   111
       Bite              |     5 |    13 ||    18
       Rapier            |       |   102 ||   102
       Punch             |       |     2 ||     2
Invok: Depart the Abyss  |     1 |       ||     1
       Bend Space        |       |     1 ||     1
Evoke: Wand              |       |     4 ||     4
  Use: Scroll            |     1 |     5 ||     6
       Potion            |       |     3 ||     3
 Stab: Distracted        |       |     1 ||     1
Armor: Ring mail         |    46 |    50 ||    96
       Skin              |       |     2 ||     2
Dodge: Dodged            |    66 |    83 ||   149

Table legend: (Time is in decaauts)
 A = Elapsed time spent in this place.
 B = Non-inter-level travel time spent in this place.
 C = Inter-level travel time spent in this place.
 D = Time resting spent in this place.
 E = Time spent auto-exploring this place.
 F = Levels seen in this place.
 G = Mean time per level.
                   A        B        C        D        E       F      G
               +--------+--------+--------+--------+--------+-----+--------+
         Total |   3688 |   3549 |    139 |    291 |   2503 |   6 |  614.7 |
       Dungeon |   3582 |   3443 |    139 |    291 |   2399 |   5 |  716.4 |
         Abyss |    106 |    106 |      0 |      0 |    104 |   1 |  106.0 |
               +--------+--------+--------+--------+--------+-----+--------+

Top non-repeatable levels by time:
     D:4: 1190 daAuts
     D:3: 804 daAuts
     D:1: 700 daAuts
     D:2: 678 daAuts
     D:5: 208 daAuts
 Abyss:1: 106 daAuts
